cohdb
Replays
Latest Replays
All Replays
Popular Replays
Top Player Replays
Match Explorer
How It Works
Community
CoH3 Stats
Reddit
Sign in to upload your games and track your stats! →
Sign in with Steam
Match 41530171
Unlisted
Match 41530171
Overview
Messages
Build Orders
End
Construct Infanterie Kompanie
Selects Terror Battlegroup
Selects Machine Gun Camouflage
Pioneer Squad
MG 42 Machine Gun Team
MG 42 Machine Gun Team
Grenadier Squad
MG 42 Machine Gun Team
Construct Panzergrenadier Kompanie
Pak 40 Anti-tank Gun Team
Panzergrenadier Squad
Medical Station
Selects Contempt for the Weak
Selects Propaganda Leaflet Drop
Panzergrenadier Squad
Support Elements
Pak 40 Anti-tank Gun Team
Construct Panzer Kompanie
Panzer IV Medium Tank
Selects Defend the Fatherland
Propaganda Leaflet Drop
Panzer IV Medium Tank
Stoßtruppen Squad
Pioneer Squad
Defend the Fatherland
UH|ck
iceman
LMAA||Bobdaboss
DonButtkick
0
0
Comments
sign in to comment!
No comments posted yet!